 Dungeon Crawl Stone Soup version 0.23-a0-644-gb60d84b (webtiles) character file.

2691 Flooderbenga the Cleaver (level 9, -3/78 HPs)
             Began as a Deep Dwarf Fighter on Jan 1, 2019.
             Was an Initiate of Makhleb.
             Succumbed to a killer bee's poison
             ... on level 9 of the Dungeon.
             The game lasted 00:35:08 (2159 turns).

Flooderbenga the Cleaver (Deep Dwarf Fighter)       Turns: 2159, Time: 00:35:09

Health: -3/78      AC:  8    Str: 23    XL:     9   Next: 38%
Magic:  2/2        EV:  7    Int:  9    God:    Makhleb [......]
Gold:   278        SH:  9    Dex: 12    Spells: 8/8 levels left

rFire    . . .     SeeInvis .   a - +0 war axe (curse)
rCold    . . .     Gourm    .   c - +0 shield (curse)
rNeg     . . .     Faith    .   b - +0 scale mail
rPois    .         Spirit   .   h - +1 helmet
rElec    .         Reflect  .   (no cloak)
rCorr    .         Harm     .   (no gloves)
MR       +....                  (no boots)
Stlth    ..........             (no amulet)
HPRegen  0.00/turn              (no ring)
MPRegen  0.08/turn              (no ring)

@: lethally poisoned (-3 -> -30), berserk cooldown, non-regenerating, slowed,
drained, very slow
A: damage resistance, heal wounds, sense surroundings 2, no regeneration
a: Heal Wounds, Renounce Religion


You were on level 9 of the Dungeon.
You worshipped Makhleb.
Makhleb was noncommittal.
You were hungry.

You visited 2 branches of the dungeon, and saw 10 of its levels.

You collected 278 gold pieces.

Inventory:

Hand Weapons
 a - a cursed +0 war axe (weapon)
 l - a +1 spear of venom
Missiles
 g - 4 curare-tipped needles
 i - 3 javelins (quivered)
Armour
 b - a +0 scale mail (worn)
 c - a cursed +0 shield (worn)
 h - a +1 helmet (worn)
Wands
 m - a wand of clouds (7)
 n - a wand of acid (5)
Scrolls
 d - 2 scrolls of remove curse {@r2}
 j - 2 scrolls of teleportation {@r3}
 r - a scroll of identify {@r1}
Potions
 e - 2 potions of resistance
 q - 3 potions of curing {@q1}
Comestibles
 f - 10 rations


   Skills:
 - Level 4.0(1.8) Fighting
 * Level 12.7(8.5) Axes
 - Level 4.2(1.9) Armour
 - Level 1.1(0.4) Dodging
 - Level 4.2(1.9) Shields


You had 8 spell levels left.
You didn't know any spells.
Your spell library was empty.

Dungeon Overview and Level Annotations

Branches:
Dungeon (9/15)             Temple (1/1) D:7
   Lair: D:8-11         Orc: D:9-12

Altars:
Ashenzari
Cheibriados
Dithmenos
Elyvilon
Fedhas
Gozag
Hepliaklqana
Kikubaaqudgha
Makhleb
Nemelex Xobeh
Okawaru
Qazlal
Ru
Sif Muna
Trog
Uskayaw
Vehumet
Wu Jian
Xom
Yredelemnul
Zin
The Shining One

Shops:
D:7 *

Annotations:
D:4 exclusion: statue
D:7 2 runed doors


Innate Abilities, Weirdness & Mutations

You are resistant to damage.
You can heal yourself by infusing magical energy.
You passively map the area around you.
You do not regenerate.


Message History

You are exhausted.
You feel yourself slow down.
* * * LOW HITPOINT WARNING * * *
You feel very sick. You block the killer bee's attack.
Something hits you but does no damage.
You now have 10/78 hp.
You hit the orc priest. You closely miss something.
You closely miss the killer bee.
* * * LOW HITPOINT WARNING * * *
You feel extremely sick. The killer bee closely misses you. Something hits you.
The killer bee stings you.
* * * LOW HITPOINT WARNING * * *
The orc priest hits you with a +0 short sword.
You block the killer bee's attack. Something hits you but does no damage.
The orc priest hits you but does no damage.
The killer bee stings you but does no damage.
Something hits you but does no damage.
You take 8 damage, and have 2/78 hp.
You die...

* *#...##.#
,*,* * #..#
#..# , ,, ...
#.## , #. #.#
* * ,, * * *
#..####.# *, ,
*
#......####.##
** , * *
#####(........
, ,
##)###....,, ,
, ###@# *#. *
* #{.o# , ** *
* #y### ** *


#yy * * * #yT#* * * #o#* , * ,yy * * , .. * * , ,... * ,, You could see a troll,
6 killer bees, an orc priest and an orc.

Vanquished Creatures
  Joseph (D:7)
  The ghost of Nr616 the Poker, an amateur MiFi (D:4)
  A hungry ghost (D:7)
  Duvessa (D:7)
  An orc warrior (D:7)
  A sky beast (D:8)
  A black bear (D:8)
  A phantom (D:6)
  3 ogres
  A centaur (D:9)
  4 bullfrogs
  Dowan (D:7)
  4 killer bees (D:9)
  3 wights
  2 crimson imps (D:6)
  2 bullfrog zombies
  2 centaur zombies
  5 orc priests
  A centaur skeleton (D:4)
  3 orc wizards
  A bullfrog skeleton (D:6)
  An iguana (D:7)
  2 worker ants
  An ogre zombie (D:6)
  A worker ant zombie (D:7)
  3 gnolls (D:4)
  5 adders
  2 gnoll zombies (D:6)
  A shadow imp (D:6)
  An adder zombie (D:6)
  2 adder skeletons
  A dart slug (D:1)
  A leopard gecko (D:1)
  13 orcs
  3 giant cockroaches
  3 goblins
  A hobgoblin (D:1)
  9 jackals
  A quokka (D:7)
  4 frilled lizards
  A jackal skeleton (D:4)
  A jackal zombie (D:6)
  3 kobolds (D:1)
  2 quokka skeletons
  A rat (D:1)
103 creatures vanquished.

Vanquished Creatures (others)
  3 fungi (D:9)
  A plant (D:9)
  7 toadstools (D:3)
11 creatures vanquished.

Grand Total: 114 creatures vanquished

Notes
Turn   | Place    | Note
-------+----------+-------------------------------------------
     0 | D:1      | Flooderbenga the Deep Dwarf Fighter began the quest for the
                  | Orb.
     0 | D:1      | Reached XP level 1. HP: 20/20 MP: 1/1
    15 | D:2      | Found a shattered altar of Ashenzari.
    15 | D:2      | Found a blossoming altar of Fedhas.
    15 | D:2      | Found an opulent altar of Gozag.
    61 | D:1      | Reached skill level 3 in Axes
    61 | D:1      | Reached XP level 2. HP: 25/27 MP: 2/2
    95 | D:2      | Became a worshipper of Ashenzari the Shackled
   174 | D:3      | Reached skill level 4 in Axes
   174 | D:3      | Reached XP level 3. HP: 25/33 MP: 3/3
   224 | D:5      | Entered Level 5 of the Dungeon
   241 | D:5      | Reached skill level 5 in Axes
   241 | D:5      | Reached XP level 4. HP: 23/40 MP: 4/4
   281 | D:4      | Noticed an ogre
   306 | D:4      | Killed an ogre
   306 | D:4      | Reached skill level 6 in Axes
   306 | D:4      | Reached XP level 5. HP: 20/49 MP: 2/2
   322 | D:4      | Found a runed door.
   322 | D:4      | Noticed Nr616's ghost (amateur MiFi)
   330 | D:4      | Killed Nr616's ghost
   330 | D:4      | Reached skill level 7 in Axes
   330 | D:4      | Reached XP level 6. HP: 45/56 MP: 3/3
   495 | D:4      | Found a radiant altar of Vehumet.
   545 | D:5      | Reached skill level 8 in Axes
   581 | D:5      | Reached XP level 7. HP: 26/62 MP: 3/3
   693 | D:7      | Found a sparkling altar of Nemelex Xobeh.
   720 | D:7      | Reached * piety under Ashenzari
   778 | D:7      | Noticed Joseph
   780 | D:7      | Noticed a hungry ghost
   790 | D:7      | Killed a hungry ghost
   790 | D:7      | Reached skill level 9 in Axes
   790 | D:7      | Reached skill level 1 in Dodging
   806 | D:7      | Killed Joseph
   806 | D:7      | Reached XP level 8. HP: 48/72 MP: 4/4
   996 | D:7      | Found a staircase to the Ecumenical Temple.
  1005 | D:7      | Found a runed door.
  1006 | D:7      | Found a runed door.
  1070 | D:7      | Noticed Duvessa
  1070 | D:7      | Noticed Dowan
  1079 | D:7      | Killed Dowan
  1079 | D:7      | Reached skill level 10 in Axes
  1082 | D:7      | Killed Duvessa
  1145 | D:7      | Found Tedaj's Assorted Antiques.
  1209 | D:8      | Reached skill level 11 in Axes
  1318 | D:6      | Found a transporter.
  1330 | D:6      | Found a transporter.
  1742 | D:6      | Gained mutation: You passively map the area around you.
                  | [Deep Dwarf growth]
  1742 | D:6      | Reached XP level 9. HP: 59/78 MP: 5/5
  1910 | D:7      | Found a faded altar of an unknown god.
  1926 | Temple   | Entered the Ecumenical Temple
  1969 | Temple   | Fell from the grace of Ashenzari
  1969 | Temple   | Became a worshipper of Makhleb the Destroyer
  2058 | D:8      | Reached skill level 12 in Axes
  2140 | D:9      | Noticed a troll
  2158 | D:9      | HP: 3/78 [poisoned by a killer bee]
  2159 | D:9      | Succumbed to a killer bee's poison

Vault maps used:
D:1:      lightli_arrival_maybe_door_vault
D:2:      minmay_thinvault, chequers_temple_overflow_statue_of_worship,
          minmay_vboxes, uniq_jessica
D:3:      cheibrodos_fertilizer
D:4:      vehumet_statue, gammafunk_ghost_grave, first_ration
D:6:      gammafunk_cloud_chamber, kennysheep_generic_room_14
D:7:      lemuel_insect_pit, nicolae_temple_entry_ecumenical, basic_altar,
          serial_shops, kennysheep_mini, uniq_joseph, uniq_duvessa, uniq_pikel
D:9:      due_lair_maze_entry_diamond, the_bakery, dk_vineyard_2,
          david_defended_altar_orc
Temple:   compressed_dpeg_circular_temple

Skill      XL: |  1  2  3  4  5  6  7  8  9 |
---------------+----------------------------+-----
Axes           | 3 4 5 6 7 8 9 11 12 | 12.7
Fighting       | 3 4 |  4.0
Dodging        | 1 |  1.1
Armour         | 4 |  4.2
Shields        | 4 |  4.2

Action                   |  1- 3 |  4- 6 |  7- 9 || total
-------------------------+-------+-------+-------++-------
Melee: War axe           |    58 |    78 |   270 ||   406
Invok: Curse Item        |     1 |       |     1 ||     2
       Scrying           |       |       |     2 ||     2
 Abil: Heal Wounds       |       |     8 |    11 ||    19
Evoke: Wand              |       |       |     1 ||     1
  Use: Potion            |       |     1 |     4 ||     5
       Scroll            |       |     2 |     6 ||     8
  Eat: Ration            |       |       |     2 ||     2
       Chunk             |       |       |     1 ||     1
Armor: Scale mail        |    23 |    17 |   114 ||   154
       Skin              |       |       |    32 ||    32
Dodge: Dodged            |    24 |    18 |    93 ||   135
Block: Shield            |    27 |    36 |   169 ||   232

Table legend:
 A = Non-vault XP
 B = Vault XP
 C = Vault XP percentage of total XP
 D = Non-vault monster count
 E = Vault monster count
 F = Vault count percentage of total count
                 A         B        C        D         E       F
            +---------+---------+-------+---------+---------+-------
      Total |    2907 |     938 |  24.4 |      94 |       9 |   8.7
            +---------+---------+-------+---------+---------+-------
        D:1 |      26 |       0 |   0.0 |      14 |       0 |   0.0
        D:2 |       7 |       0 |   0.0 |       4 |       0 |   0.0
        D:3 |      16 |       0 |   0.0 |       3 |       0 |   0.0
        D:4 |     208 |     196 |  48.5 |       7 |       1 |  12.5
        D:5 |     286 |       0 |   0.0 |      12 |       0 |   0.0
        D:6 |     668 |     126 |  15.9 |      16 |       5 |  23.8
        D:7 |     689 |     616 |  47.2 |      19 |       3 |  13.6
        D:8 |     513 |       0 |   0.0 |      12 |       0 |   0.0
        D:9 |     494 |       0 |   0.0 |       7 |       0 |   0.0
            +---------+---------+-------+---------+---------+-------
